 Dungeon Crawl Stone Soup version 0.19.0 (webtiles) character file.

508 TheGoonsmith the Cudgeler (level 7, -2/112 HPs)
             Began as an Ogre Berserker on Nov 15, 2016.
             Was a Priest of Trog.
             Slain by a wraith (6 damage)
             ... in an ossuary.
             The game lasted 00:07:21 (3436 turns).

TheGoonsmith the Cudgeler (Ogre Berserker)          Turns: 3436, Time: 00:07:22

Health: -2/112     AC: 23    Str: 23    XL:     7   Next: 18%
Magic:  7/7        EV:  1    Int: 11    God:    Trog [***...]
Gold:   156        SH:  0    Dex: 11    Spells: 0 memorised, 6 levels left

rFire  . . .     SeeInvis .     a - +1 mace
rCold  . . .     Gourm    .     (armour currently unavailable)
rNeg   + + +     Faith    .     (no shield)
rPois  +         Spirit   .     (helmet currently unavailable)
rElec  .         Reflect  .     (cloak currently unavailable)
rCorr  +         Harm     .     (gloves unavailable)
MR     ++...     NoTele   +     (boots unavailable)
Stlth  +.........               (no amulet)
                                (no ring)
                                m - ring of resist corrosion

@: brilliant, exhausted, tree-form, very slightly contaminated, regenerating,
hasted and slowed, invisible
A: unfitting armour, (tough skin 0)
a: Berserk, Trog's Hand, Burn Spellbooks, Renounce Religion


You were in an ossuary.
You worshipped Trog.
Trog was most pleased with you.
You were very hungry.
You were a tree.
You visited 1 branch of the dungeon, and saw 4 of its levels.
You also visited: Ossuary.

You collected 156 gold pieces.

Inventory:

Hand Weapons
 a - a +1 mace (weapon)
Missiles
 i - 129 stones (quivered)
 l - 4 javelins
Armour
 b - a +1 animal skin (melded)
Jewellery
 m - a ring of resist corrosion (left branch)
Wands
 o - a wand of digging (8/24)
 w - a wand of paralysis (17/24)
Scrolls
 g - 4 scrolls of remove curse
 j - 2 scrolls of enchant weapon
 k - 2 scrolls of immolation
 t - a scroll of teleportation
Potions
 e - a potion of magic
 h - 3 potions of haste
 z - a potion of degeneration {unknown}
 A - a potion of agility {unknown}
Comestibles
 c - a bread ration
 f - 3 meat rations
 s - 3 fruits


   Skills:
 + Level 6.2 Fighting
 * Level 7.9 Maces & Flails
 + Level 3.4 Throwing
 - Level 2.6 Dodging


You had 6 spell levels left.
You didn't know any spells.

Dungeon Overview and Level Annotations

Branches:
Dungeon (4/15)
 Temple: D:4-7

Altars:


Innate Abilities, Weirdness & Mutations

You are too large for most types of armour.
((You have tough skin. (AC +1)))


Message History

Okay, then.
It was a potion of brilliance.
You feel clever all of a sudden. The wraith barely misses you.
It was a potion of invisibility.
You fade into invisibility!
The wraith hits you!
* * * LOW HITPOINT WARNING * * *
It was a potion of flight.
You feel very buoyant.
You fly up into the air.
The kobold skeleton barely misses you. The wraith hits you.
* * * LOW HITPOINT WARNING * * *
It was a potion of lignification.
You turn into a tree.
Your +1 animal skin melds into your body.
Your roots penetrate the ground.
You feel the effects of Trog's Hand fading.
The kobold skeleton hits you but does no damage.
The wraith hits you.
You die...

+#### .. ....##
..#####...##
.##...##...## .
##.?!..##...# ..
#.!.?...'W♣.+
...##.???.##Z..#
#...##...##ZZ.##
#...#####...## .
#.........##...
.#####'#####....
.................
.................
######'''########


You could see a wraith, a gnoll skeleton and 2 kobold skeletons.

Vanquished Creatures
  Sigmund (D:3)
  A howler monkey (D:3)
  An orc wizard (D:4)
  Jessica (D:3)
  Ijyb (D:3)
  Natasha (thrice) (D:2)
  A mummy (Ossuary)
  Robin (D:2)
  4 adders
  4 dart slugs
  2 orcs (D:4)
  5 giant cockroaches
  19 goblins
  6 hobgoblins
  6 jackals
  6 kobolds
  6 bats
  4 frilled lizards
  3 gnoll skeletons (Ossuary)
  2 kobold skeletons (Ossuary)
  4 orc skeletons (Ossuary)
  8 rats
89 creatures vanquished.

Notes
Turn   | Place    | Note
-------+----------+-------------------------------------------
     0 | D:1      | TheGoonsmith the Ogre Berserker began the quest for the Orb.
     0 | D:1      | Reached XP level 1. HP: 24/24 MP: 1/1
   462 | D:1      | Reached XP level 2. HP: 31/32 MP: 2/2
   731 | D:1      | Reached skill level 1 in Throwing
  1077 | D:1      | Reached XP level 3. HP: 36/40 MP: 3/3
  1317 | D:2      | Reached skill level 5 in Maces & Flails
  1484 | D:2      | Noticed Natasha
  1491 | D:2      | Killed Natasha
  1491 | D:2      | Reached XP level 4. HP: 32/49 MP: 4/4
  1630 | D:2      | Noticed Robin
  1632 | D:2      | Reached ** piety under Trog
  1657 | D:2      | Killed Robin
  1799 | D:2      | Noticed Natasha
  1815 | D:2      | Killed Natasha
  1815 | D:2      | Reached skill level 5 in Fighting
  1815 | D:2      | Reached XP level 5. HP: 9/57 MP: 5/5
  2150 | D:2      | Noticed Natasha
  2160 | D:2      | Killed Natasha
  2160 | D:2      | Reached skill level 6 in Maces & Flails
  2518 | D:3      | Noticed Jessica
  2527 | D:3      | Killed Jessica
  2575 | D:3      | Noticed Sigmund
  2586 | D:3      | Killed Sigmund
  2586 | D:3      | Reached skill level 7 in Maces & Flails
  2586 | D:3      | Reached XP level 6. HP: 67/67 MP: 6/6
  2785 | D:3      | Noticed Ijyb
  2792 | D:3      | Paralysed by Ijyb for 7 turns
  2805 | D:3      | Killed Ijyb
  2952 | D:3      | Reached XP level 7. HP: 73/75 MP: 7/7
  3206 | D:4      | Found a sand-covered staircase.
  3211 | Ossuary  | Entered an ossuary
  3211 | Ossuary  | Noticed a wraith
  3211 | Ossuary  | Noticed a wraith
  3211 | Ossuary  | Noticed a wraith
  3227 | Ossuary  | Reached *** piety under Trog
  3402 | Ossuary  | Noticed a wraith
  3434 | Ossuary  | HP: 3/75 [wraith (10)]
  3436 | Ossuary  | Slain by a wraith

Skill      XL: |  1  2  3  4  5  6 |
---------------+-------------------+-----
Throwing       | 1 2 3 |  3.4
Maces & Flails | 5 7 |  7.9
Fighting       | 5 6 |  6.2
Dodging        | |  2.6

Action                   |  1- 3 |  4- 6 |  7- 9 || total
-------------------------+-------+-------+-------++-------
Melee: Mace              |    62 |   106 |    73 ||   241
Throw: Stone             |    17 |     2 |       ||    19
Invok: Burn Spellbooks   |     1 |       |       ||     1
       Berserk           |       |     6 |     2 ||     8
       Trog's Hand       |       |     2 |     1 ||     3
  Use: Scroll            |       |       |    10 ||    10
       Potion            |       |       |     8 ||     8
 Stab: Sleeping          |     1 |       |       ||     1
  Eat: Chunk             |     2 |     6 |     2 ||    10
       Bread ration      |       |     1 |       ||     1
       Fruit             |       |       |     1 ||     1
Armor: Animal skin       |    11 |    23 |    21 ||    55
       Skin              |       |       |     1 ||     1
Dodge: Dodged            |    29 |    43 |    48 ||   120
